| TOP OF THE 1ST |
|
Buffalo Bisons batting - Pitching for Charlotte Knights : RHP Andy Gibson
|
|
Pitching: RHP Andy Gibson
|
|
|
Batting: RHB Finn Ross
|
0-0: Ground out 5-3 (Groundball, 5S, EV 73.1 MPH)
|
|
Batting: LHB Da Vo
|
0-0: Foul Ball, location: 2F 0-1: Called Strike 0-2: Ball 1-2: Ball 2-2: Foul Ball, location: 2F 2-2: Ball 3-2: Base on Balls
|
|
Batting: RHB Francisco Hernandez
|
0-0: Ball 1-0: Ball 2-0: SINGLE (Line Drive, 7S, EV 94.4 MPH) Da Vo to second
|
|
Batting: RHB Itsuo Egami
|
0-0: Called Strike 0-1: Swinging Strike 0-2: Strikes out looking
|
|
Batting: RHB Danny Heyer
|
0-0: Ball 1-0: SINGLE (Groundball, 6MD, EV 96.9 MPH) Da Vo to third Francisco Hernandez to second Runner from 3rd tries for Home, SAFE, throw by CF to home
|
|
Batting: RHB Jorge Baret
|
0-0: Called Strike 0-1: Called Strike 0-2: Foul Ball, location: 2F 0-2: Strikes out swinging
|
| Top of the 1st over - 1 run, 2 hits, 0 errors, 2 left on base; Buffalo 1 - Charlotte 0 |
| BOTTOM OF THE 1ST |
|
Charlotte Knights batting - Pitching for Buffalo Bisons : LHP Katsumi Takaki
|
|
Pitching: LHP Katsumi Takaki
|
|
|
Batting: LHB Dustin Taylor
|
0-0: Ball 1-0: Ball 2-0: Swinging Strike 2-1: Foul Ball, location: 2F 2-2: Ground out 4-3 (Groundball, 34, EV 100.0 MPH)
|
|
Batting: RHB Jason Moss
|
0-0: Ball 1-0: SINGLE (Groundball, 4M, EV 99.4 MPH) (infield hit)
|
|
Batting: SHB Eduardo Maldonado
|
0-0: Ball 1-0: Called Strike Jason Moss is caught stealing 2nd base 2-4 1-1: Swinging Strike 1-2: Strikes out swinging
|
| Bottom of the 1st over - 0 runs, 1 hit, 0 errors, 0 left on base; Buffalo 1 - Charlotte 0 |
| TOP OF THE 2ND |
|
Buffalo Bisons batting - Pitching for Charlotte Knights : RHP Andy Gibson
|
|
Batting: RHB Cyril Husson
|
0-0: Called Strike 0-1: Ball 1-1: Foul Ball, location: 2F 1-2: Ball 2-2: Ball 3-2: Foul Ball, location: 2F 3-2: Foul Ball, location: 2F 3-2: SINGLE (Line Drive, 8RS, EV 105.0 MPH)
|
|
Batting: RHB Justin Ganey
|
0-0: Ball 1-0: Called Strike Cyril Husson is caught stealing 2nd base 2-4 1-1: Ball 2-1: Called Strike 2-2: SINGLE (Groundball, 56S, EV 65.0 MPH) (infield hit)
|
|
Batting: RHB Darren McCarty Jr.
|
0-0: Called Strike 0-1: Fly out, F8 (Flyball, 8LD, EV 97.5 MPH)
|
|
Batting: RHB Finn Ross
|
0-0: Called Strike 0-1: Ground out 1-3 (Groundball, 34S, EV 61.9 MPH)
|
| Top of the 2nd over - 0 runs, 2 hits, 0 errors, 1 left on base; Buffalo 1 - Charlotte 0 |
| BOTTOM OF THE 2ND |
|
Charlotte Knights batting - Pitching for Buffalo Bisons : LHP Katsumi Takaki
|
|
Batting: RHB Micah Brown
|
0-0: Swinging Strike 0-1: Ground out U3 (Groundball, 34S, EV 79.4 MPH)
|
|
Batting: LHB Angel Tellez
|
0-0: Ball 1-0: Fly out, F9 (Line Drive, 9, EV 100.0 MPH)
|
|
Batting: LHB Hirakito Herring
|
0-0: Swinging Strike 0-1: Fly out, F5 (Popup, 5SF, EV 81.2 MPH)
|
| Bottom of the 2nd over - 0 runs, 0 hits, 0 errors, 0 left on base; Buffalo 1 - Charlotte 0 |
| TOP OF THE 3RD |
|
Buffalo Bisons batting - Pitching for Charlotte Knights : RHP Andy Gibson
|
|
Batting: LHB Da Vo
|
0-0: Called Strike 0-1: Foul Ball, location: 2F 0-2: Ball 1-2: Ball 2-2: Foul Ball, location: 2F 2-2: Ball 3-2: Foul Ball, location: 2F 3-2: SINGLE (Line Drive, 9S, EV 96.2 MPH)
|
|
Batting: RHB Francisco Hernandez
|
0-0: Ball 1-0: Called Strike Da Vo steals 2nd, throwing error, E2 Da Vo to third 1-1: Ball 2-1: Ball 3-1: Called Strike 3-2: Base on Balls
|
|
Batting: RHB Itsuo Egami
|
0-0: Ball 1-0: Ball 2-0: Foul Ball, location: 2F 2-1: Swinging Strike 2-2: SINGLE (Groundball, 6S, EV 70.6 MPH) (infield hit) Da Vo scores Francisco Hernandez to second
|
|
Batting: RHB Danny Heyer
|
0-0: Ball 1-0: Fly out, F4 (Popup, 3S, EV 76.2 MPH)
|
|
Batting: RHB Jorge Baret
|
0-0: Ball 1-0: SINGLE (Groundball, 56S, EV 65.0 MPH) (infield hit) Francisco Hernandez to third Itsuo Egami to second
|
|
Batting: RHB Cyril Husson
|
0-0: Swinging Strike 0-1: Fielders Choice at 2nd, 6-4 (Groundball, 6MD, EV 103.8 MPH) Francisco Hernandez scores Itsuo Egami to third
|
|
Batting: RHB Justin Ganey
|
0-0: Called Strike 0-1: Fly out, F8 (Flyball, 8LXD, EV 106.2 MPH)
|
| Top of the 3rd over - 2 runs, 3 hits, 1 error, 2 left on base; Buffalo 3 - Charlotte 0 |
| BOTTOM OF THE 3RD |
|
Charlotte Knights batting - Pitching for Buffalo Bisons : LHP Katsumi Takaki
|
|
Batting: RHB Jose Medina
|
0-0: Ball 1-0: Called Strike 1-1: Fly out, F5 (Line Drive, 5, EV 76.2 MPH)
|
|
Batting: LHB Matt Hyde
|
0-0: Called Strike 0-1: Ground out 4-3 (Groundball, 4, EV 108.1 MPH)
|
|
Batting: RHB John Iddings
|
0-0: SINGLE (Groundball, 6MD, EV 102.5 MPH)
|
|
Batting: LHB Dustin Taylor
|
0-0: Called Strike 0-1: Foul Ball, location: 2F 0-2: Strikes out looking
|
| Bottom of the 3rd over - 0 runs, 1 hit, 0 errors, 1 left on base; Buffalo 3 - Charlotte 0 |
| TOP OF THE 4TH |
|
Buffalo Bisons batting - Pitching for Charlotte Knights : RHP Andy Gibson
|
|
Batting: RHB Darren McCarty Jr.
|
0-0: Swinging Strike 0-1: Foul Ball, location: 2F 0-2: Fly out, F9 (Flyball, 89S, EV 81.9 MPH)
|
|
Batting: RHB Finn Ross
|
0-0: Ball 1-0: Ball 2-0: DOUBLE (Flyball, 89XD, EV 75.6 MPH)
|
|
Batting: LHB Da Vo
|
0-0: Ball 1-0: Ball 2-0: Foul Ball, location: 2F 2-1: Foul Ball, location: 2F 2-2: Ball 3-2: Base on Balls
|
|
Batting: RHB Francisco Hernandez
|
0-0: Called Strike 0-1: Foul Ball, location: 2F 0-2: Foul Ball, location: 2F 0-2: Fly out, F8 (Line Drive, 8LM, EV 105.6 MPH)
|
|
Batting: RHB Itsuo Egami
|
0-0: Ball 1-0: Ball 2-0: Ball 3-0: Called Strike 3-1: Swinging Strike 3-2: Foul Ball, location: 2F 3-2: Base on Balls Finn Ross to third Da Vo to second
|
|
Batting: RHB Danny Heyer
|
0-0: Called Strike 0-1: SINGLE (Line Drive, 78S, EV 95.0 MPH) Finn Ross scores Da Vo to third Itsuo Egami to second
|
|
Batting: RHB Jorge Baret
|
0-0: SINGLE (Groundball, 6M, EV 94.4 MPH) (infield hit) Da Vo scores Itsuo Egami to third Danny Heyer to second
|
|
Pitching: RHP Drew Tollefsen
|
|
|
Batting: RHB Cyril Husson
|
0-0: Called Strike 0-1: SINGLE (Groundball, 34D, EV 107.5 MPH) Itsuo Egami scores Danny Heyer to third Jorge Baret to second Runner from 3rd tries for Home, SAFE, throw by RF to home
|
|
Batting: RHB Justin Ganey
|
0-0: Called Strike 0-1: Ball 1-1: Swinging Strike 1-2: Ball 2-2: Strikes out swinging
|
| Top of the 4th over - 4 runs, 4 hits, 0 errors, 2 left on base; Buffalo 7 - Charlotte 0 |
| BOTTOM OF THE 4TH |
|
Charlotte Knights batting - Pitching for Buffalo Bisons : LHP Katsumi Takaki
|
|
Batting: RHB Jason Moss
|
0-0: Swinging Strike 0-1: Foul Ball, location: 2F 0-2: Ball 1-2: Ball 2-2: Ball 3-2: Ground out 4-3 (Groundball, 4, EV 105.6 MPH)
|
|
Batting: SHB Eduardo Maldonado
|
0-0: Swinging Strike 0-1: Ball 1-1: Ground out 5-3 (Groundball, 56S, EV 69.4 MPH)
|
|
Batting: RHB Micah Brown
|
0-0: Ball 1-0: Called Strike 1-1: Fly out, F8 (Flyball, 8LD, EV 91.9 MPH)
|
| Bottom of the 4th over - 0 runs, 0 hits, 0 errors, 0 left on base; Buffalo 7 - Charlotte 0 |
| TOP OF THE 5TH |
|
Buffalo Bisons batting - Pitching for Charlotte Knights : RHP Drew Tollefsen
|
|
Batting: RHB Darren McCarty Jr.
|
0-0: Ground out 6-3 (Groundball, 6M, EV 91.2 MPH)
|
|
Batting: RHB Finn Ross
|
0-0: Called Strike 0-1: Ball 1-1: Ground out 1-3 (Groundball, 15S, EV 68.1 MPH)
|
|
Batting: LHB Da Vo
|
0-0: Called Strike 0-1: Ground out 4-3 (Groundball, 4, EV 104.4 MPH)
|
| Top of the 5th over - 0 runs, 0 hits, 0 errors, 0 left on base; Buffalo 7 - Charlotte 0 |
| BOTTOM OF THE 5TH |
|
Charlotte Knights batting - Pitching for Buffalo Bisons : LHP Katsumi Takaki
|
|
Batting: LHB Angel Tellez
|
0-0: Called Strike 0-1: Ball 1-1: Ball 2-1: Ball 3-1: SINGLE (Groundball, 25, EV 65.6 MPH) (infield hit)
|
|
Batting: LHB Hirakito Herring
|
0-0: Fly out, F8 (Line Drive, 8LD, EV 95.0 MPH)
|
|
Batting: RHB Jose Medina
|
0-0: Ball 1-0: Foul Ball, location: 2F 1-1: Called Strike 1-2: Fly out, F8 (Line Drive, 8RD, EV 93.8 MPH)
|
|
Batting: LHB Matt Hyde
|
0-0: Ball 1-0: Fly out, F8 (Line Drive, 78M, EV 91.9 MPH)
|
| Bottom of the 5th over - 0 runs, 1 hit, 0 errors, 1 left on base; Buffalo 7 - Charlotte 0 |
| TOP OF THE 6TH |
|
Buffalo Bisons batting - Pitching for Charlotte Knights : RHP Drew Tollefsen
|
|
Batting: RHB Francisco Hernandez
|
0-0: Ball 1-0: Ball 2-0: Swinging Strike 2-1: Foul Ball, location: 2F 2-2: Ball 3-2: Foul Ball, location: 2F 3-2: Foul Ball, location: 2F 3-2: Foul Ball, location: 2F 3-2: Foul Ball, location: 2F 3-2: Base on Balls
|
|
Batting: RHB Itsuo Egami
|
0-0: Ball 1-0: Ball 2-0: Called Strike 2-1: Grounds into double play, 5-4-3 (Groundball, 56S, EV 86.2 MPH)
|
|
Batting: RHB Danny Heyer
|
0-0: Ball 1-0: Ball 2-0: Called Strike 2-1: Ball 3-1: Foul Ball, location: 2F 3-2: Ground out 5-3 (Groundball, 5S, EV 80.6 MPH)
|
| Top of the 6th over - 0 runs, 0 hits, 0 errors, 0 left on base; Buffalo 7 - Charlotte 0 |
| BOTTOM OF THE 6TH |
|
Charlotte Knights batting - Pitching for Buffalo Bisons : LHP Katsumi Takaki
|
|
Batting: RHB John Iddings
|
0-0: SINGLE (Line Drive, 56D, EV 103.8 MPH)
|
|
Batting: LHB Dustin Taylor
|
0-0: Called Strike 0-1: Ball 1-1: Fielders Choice at 2nd, 3-6 (Groundball, 34, EV 101.9 MPH)
|
|
Batting: RHB Jason Moss
|
0-0: Ball Dustin Taylor is caught stealing 2nd base 2-4 1-0: Swinging Strike 1-1: Ground out 6-3 (Groundball, 6, EV 78.8 MPH)
|
| Bottom of the 6th over - 0 runs, 1 hit, 0 errors, 0 left on base; Buffalo 7 - Charlotte 0 |
| TOP OF THE 7TH |
|
Buffalo Bisons batting - Pitching for Charlotte Knights : RHP Drew Tollefsen
|
|
Batting: RHB Jorge Baret
|
0-0: Swinging Strike 0-1: DOUBLE (Line Drive, 3D, EV 108.1 MPH)
|
|
Batting: RHB Cyril Husson
|
0-0: Called Strike 0-1: Swinging Strike 0-2: Strikes out looking
|
|
Batting: RHB Justin Ganey
|
0-0: Ball 1-0: Ball 2-0: Called Strike 2-1: Foul Ball, location: 2F 2-2: Ball 3-2: SINGLE (Groundball, 6MD, EV 98.8 MPH) Jorge Baret to third Runner from 3rd tries for Home, SAFE, throw by CF to home
|
|
Batting: RHB Darren McCarty Jr.
|
0-0: Ball 1-0: Called Strike 1-1: SINGLE (Groundball, 13S, EV 68.1 MPH) (infield hit) Justin Ganey to second
|
|
Batting: RHB Finn Ross
|
0-0: Called Strike 0-1: Ball 1-1: Ball 2-1: Swinging Strike 2-2: Ball 3-2: Strikes out swinging
|
|
Batting: LHB Da Vo
|
0-0: SINGLE (Line Drive, 89S, EV 106.2 MPH) Justin Ganey to third Darren McCarty Jr. to second
|
|
Batting: RHB Francisco Hernandez
|
0-0: Ground out 1-3 (Groundball, 13S, EV 75.0 MPH)
|
| Top of the 7th over - 1 run, 4 hits, 0 errors, 3 left on base; Buffalo 8 - Charlotte 0 |
| BOTTOM OF THE 7TH |
|
Charlotte Knights batting - Pitching for Buffalo Bisons : LHP Katsumi Takaki
|
|
Batting: SHB Eduardo Maldonado
|
0-0: Called Strike 0-1: Ball 1-1: Called Strike 1-2: Strikes out swinging
|
|
Pinch Hitting: RHB John DeVillier
|
0-0: Ball 1-0: Called Strike 1-1: Ball 2-1: Ball 3-1: Base on Balls
|
|
Pinch Hitting: LHB Josh Gottlieb
|
0-0: Called Strike 0-1: Foul Ball, location: 2F 0-2: Fly out, F8 (Flyball, 89M, EV 86.9 MPH)
|
|
Batting: LHB Hirakito Herring
|
0-0: Ground out 4-3 (Groundball, 4, EV 83.1 MPH)
|
| Bottom of the 7th over - 0 runs, 0 hits, 0 errors, 1 left on base; Buffalo 8 - Charlotte 0 |
| TOP OF THE 8TH |
|
Buffalo Bisons batting - Pitching for Charlotte Knights : RHP Drew Tollefsen
|
|
Now at 3B: John DeVillier
|
|
|
Now in RF: Josh Gottlieb
|
|
|
Batting: RHB Itsuo Egami
|
0-0: Called Strike 0-1: Ground out 6-3 (Groundball, 6, EV 81.2 MPH)
|
|
Batting: RHB Danny Heyer
|
0-0: SINGLE (Groundball, 56D, EV 96.9 MPH)
|
|
Pitching: LHP Troy Salzer
|
|
|
Batting: RHB Jorge Baret
|
0-0: Swinging Strike 0-1: Called Strike 0-2: Strikes out looking
|
|
Batting: RHB Cyril Husson
|
0-0: Foul Ball, location: 2F 0-1: Foul Ball, location: 2F 0-2: Ball 1-2: Strikes out looking
|
| Top of the 8th over - 0 runs, 1 hit, 0 errors, 1 left on base; Buffalo 8 - Charlotte 0 |
| BOTTOM OF THE 8TH |
|
Charlotte Knights batting - Pitching for Buffalo Bisons : LHP Katsumi Takaki
|
|
Batting: RHB Jose Medina
|
0-0: Ball 1-0: Foul Ball, location: 2F 1-1: Ball 2-1: Called Strike 2-2: Fly out, F7 (Line Drive, 7, EV 93.8 MPH)
|
|
Pinch Hitting: LHB Alex Mendoza
|
0-0: Ball 1-0: Called Strike 1-1: SINGLE (Groundball, 4MD, EV 102.5 MPH)
|
|
Batting: RHB John Iddings
|
0-0: Ball 1-0: Swinging Strike 1-1: Foul Ball, location: 2F 1-2: Ball 2-2: Ball 3-2: Base on Balls Alex Mendoza to second
|
|
Batting: LHB Dustin Taylor
|
0-0: Ball 1-0: Called Strike 1-1: Foul Ball, location: 2F 1-2: Fielders Choice at 2nd, 3-6 (Groundball, 3D, EV 86.2 MPH) Alex Mendoza to third
|
|
Batting: RHB Jason Moss
|
0-0: Ball 1-0: Ball 2-0: Ball 3-0: Base on Balls Dustin Taylor to second
|
|
Batting: SHB Eduardo Maldonado
|
0-0: Ball 1-0: Ball 2-0: Called Strike 2-1: Swinging Strike 2-2: Ground out U3 (Groundball, 34S, EV 85.6 MPH)
|
| Bottom of the 8th over - 0 runs, 1 hit, 0 errors, 3 left on base; Buffalo 8 - Charlotte 0 |
| TOP OF THE 9TH |
|
Buffalo Bisons batting - Pitching for Charlotte Knights : LHP Troy Salzer
|
|
Now at 1B: Alex Mendoza
|
|
|
Batting: RHB Justin Ganey
|
0-0: Ball 1-0: Ball 2-0: Ball 3-0: Base on Balls
|
|
Batting: RHB Darren McCarty Jr.
|
0-0: Swinging Strike 0-1: Called Strike 0-2: Ball 1-2: Fielders Choice at 2nd, 6-4 (Groundball, 6, EV 80.0 MPH)
|
|
Batting: RHB Finn Ross
|
0-0: Foul Ball, location: 2F 0-1: DOUBLE (Flyball, 89XD, EV 103.1 MPH) Darren McCarty Jr. to third Runner from 3rd tries for Home, SAFE, throw by CF to home
|
|
Batting: LHB Da Vo
|
0-0: Swinging Strike 0-1: Called Strike 0-2: Ball 1-2: Ball 2-2: Ball 3-2: Ground out 4-3 (Groundball, 4, EV 83.1 MPH) Finn Ross to third
|
|
Batting: RHB Francisco Hernandez
|
0-0: Ball 1-0: Ball 2-0: Ground out 5-3 (Groundball, 5, EV 96.2 MPH)
|
| Top of the 9th over - 1 run, 1 hit, 0 errors, 1 left on base; Buffalo 9 - Charlotte 0 |
| BOTTOM OF THE 9TH |
|
Charlotte Knights batting - Pitching for Buffalo Bisons : LHP Katsumi Takaki
|
|
Batting: RHB John DeVillier
|
0-0: Foul Ball, location: 2F 0-1: Called Strike 0-2: Ball 1-2: Ball 2-2: Ground out 6-3 (Groundball, 6, EV 88.8 MPH)
|
|
Pinch Hitting: RHB Mike Warzecha
|
0-0: Ball 1-0: Fly out, F9 (Flyball, 89S, EV 91.2 MPH)
|
|
Batting: LHB Hirakito Herring
|
0-0: Ball 1-0: Ball 2-0: Ball 3-0: Called Strike 3-1: Base on Balls
|
|
Batting: RHB Jose Medina
|
0-0: Foul Ball, location: 2F 0-1: Ball 1-1: Ball 2-1: Fielders Choice at 2nd, 5-4 (Groundball, 5L, EV 82.5 MPH)
|
| Bottom of the 9th over - 0 runs, 0 hits, 0 errors, 1 left on base; Buffalo 9 - Charlotte 0 |
|